 Dungeon Crawl Stone Soup version 0.31-a0-1154-gadca813884 (webtiles) character file.

Game seed: 13657503528990646369

47 MackTheKnife the Vexing (level 3, 0/24 HPs)
             Began as a Demonspawn Enchanter on Dec 7, 2023.
             Was a Follower of Nemelex Xobeh.
             Succumbed to a scorpion's poison
             ... on level 4 of the Dungeon.
             The game lasted 00:05:25 (2928 turns).

MackTheKnife the Vexing (Demonspawn Enchanter)      Turns: 2928, Time: 00:05:26

Health: 0/24       AC:  3    Str:  8    XL:     3   Next: 48%
Magic:  6/6        EV: 12    Int: 15    God:    Nemelex Xobeh [*.....]
Gold:   118        SH:  4    Dex: 15    Spells: 1/6 levels left

rFire   . . .        a - +1 dagger {short}
rCold   . . .        (no shield)
rNeg    . . .        b - +0 robe
rPois   .            (no helmet)
rElec   .            (no cloak)
rCorr   .            (no gloves)
SInv    .            m - +0 pair of boots
Will    .....        o - amulet of the acrobat
Stlth   ++           n - ring of ice
HPRegen 0.24/turn    s - ring of fire
MPRegen 0.20/turn

%: acrobat
@: brilliant, lethally poisoned (0 -> -4), attractive, invisible
A: magic regeneration, condensation shield
a: Renounce Religion, Draw Escape, Draw Destruction, Draw Summoning


You were on level 4 of the Dungeon.
You worshipped Nemelex Xobeh.
Nemelex Xobeh was aware of your devotion.
You visited 1 branch of the dungeon, and saw 4 of its levels.

You collected 118 gold pieces.


Innate Abilities, Weirdness & Mutations

You regenerate magic rapidly.
A meltable shield of frost defends you. (SH +4)


   Skills:
 - Level 0.8 Short Blades
 - Level 1.7 Dodging
 - Level 3.0 Stealth
 - Level 2.0 Spellcasting
 + Level 3.8 Hexes
 + Level 1.4 Ice Magic


You had one spell level left.
You knew the following spells:

 Your Spells              Type           Power      Damage    Failure   Level
a - Ensorcelled Hibernat  Hex/Ice        42%        N/A       12%         2
b - Confusing Touch       Hex            19%        N/A       14%         3

Your spell library contained the following spells:

 Spells                   Type           Power      Damage    Failure   Level
 Tukima's Dance           Hex            19%        N/A       14%         3
 Dazzling Flash           Conj/Hex       20%        N/A       30%         3
 Silence                  Hex/Air        5%         N/A       95%         5
 Agony                    Necr           2%         N/A       99%         5

Inventory:

Hand Weapons
 a - a +1 dagger (weapon) {short}
 p - a +0 rapier {short}
   (You found it on level 3 of the Dungeon)
Missiles
 d - 6 javelins {throwing}
 u - 2 poisoned darts {throwing}
Armour
 b - a +0 robe (worn)
 j - a +0 ring mail of poison resistance
   (You found it on level 1 of the Dungeon)
 m - a +0 pair of boots (worn)
   (You found it on level 1 of the Dungeon)
Jewellery
 n - a ring of ice (left hand)
   (You found it on level 3 of the Dungeon)
 o - an amulet of the acrobat (around neck)
   (You found it on level 2 of the Dungeon)
 s - a ring of fire (right hand)
   (You found it on level 3 of the Dungeon)
Wands
 r - a wand of iceblast (13)
   (You found it on level 3 of the Dungeon)
Scrolls
 g - 2 scrolls of identify {unknown}
 t - 2 scrolls of poison {unknown}
Potions
 h - a potion of degeneration {unknown}
 i - a potion of resistance {unknown}
 k - a potion of ambrosia {unknown}
 l - 2 potions of attraction {!q}
 q - a potion of enlightenment

Dungeon Overview and Level Annotations

Branches:
Dungeon (4/15) Zot: 21056
 Temple: D:4-7

Altars:
Fedhas
Nemelex Xobeh

Annotations:
D:2 Sigmund
D:3 Terence

.. ... #.
... #.##.#
#....#
#..#.##
#.#.....
#....s.#
#.##.#@#
#.#..#.#
#.#.##.#
#.#.##.#
#..?...##..
##...###
... #.#.#
... #...#
#.# #.####
#.#


You could see a scorpion (unable to see you).


Message History

No target in view!
No target in view!
No target in view!
No target in view!
No target in view!
No target in view!
No target in view!
Key pressed, stopping explore.
g - 2 scrolls labelled NETOED KOYNLESCHUPH (gained 1)
A scorpion comes into view.
You see here a scroll labelled KYMUIW HEMI. 😎 MP[+1]
Your mp is fully restored (6).
A scorpion is nearby!
The helpless scorpion fails to defend itself.
You hit the scorpion. The scorpion stings you.
You are poisoned.
The scorpion poisons you! 😮 HP[-6]
You take 6 damage, and now have 18/24 hp.
MASSIVE DAMAGE!! (PAUSE)
Casting: Ensorcelled Hibernation (safe; 12% risk of failure)
Confirm with . or Enter, or press ? or * to list all spells.
Aiming: Ensorcelled Hibernation (safe; 12% risk of failure)
Press: ? - help, Shift-Dir - straight line, f - scorpion
Aim: a scorpion (moderately wounded, chance to affect: 48%)
You feel a surge of power!
The scorpion resists with some effort.
You feel sick.
The scorpion misses you. 😮 HP[-1] MP[-2]
You take 1 damage, and now have 17/24 hp.
You lost 2 mp, and now have 4/6 mp.
Casting: Ensorcelled Hibernation (safe; 12% risk of failure)
Confirm with . or Enter, or press ? or * to list all spells.
Aiming: Ensorcelled Hibernation (safe; 12% risk of failure)
Press: ? - help, Shift-Dir - straight line, f/p - scorpion
Aim: a scorpion (moderately wounded, chance to affect: 48%)
You feel a surge of power!
The scorpion resists with some effort.
You feel sick.
The scorpion barely misses you. 😮 HP[-2] MP[-2]
You take 2 damage, and now have 15/24 hp.
You lost 2 mp, and now have 2/6 mp.
Casting: Ensorcelled Hibernation (safe; 12% risk of failure)
Confirm with . or Enter, or press ? or * to list all spells.
Aiming: Ensorcelled Hibernation (safe; 12% risk of failure)
Press: ? - help, Shift-Dir - straight line, f/p - scorpion
Aim: a scorpion (moderately wounded, chance to affect: 48%)
You feel a surge of power!
The scorpion resists with some effort.
You feel sick.
The scorpion barely misses you. 😮 HP[-1] MP[-2]
You take 1 damage, and now have 14/24 hp.
You lost 2 mp, and now have 0/6 mp.
Casting: Ensorcelled Hibernation (safe; 12% risk of failure)
Confirm with . or Enter, or press ? or * to list all spells.
Okay, then.
You fade into invisibility!
You feel sick.
The scorpion closely misses you. x2 😮 HP[-1]
You take 1 damage, and now have 13/24 hp.
You barely miss the scorpion.
You feel sick. The scorpion misses you. 😮 MP[+1]
You hit the scorpion but do no damage.
You feel sick.
The scorpion closely misses you. 😨 HP[-1]
You take 1 damage, and now have 12/24 hp.
You hit the scorpion.
You feel sick.
You are no longer poisoned.
The scorpion stings you but does no damage. 😨 HP[-1]
You take 1 damage, and now have 11/24 hp.
You hit the scorpion. The scorpion closely misses you.
You closely miss the scorpion. The scorpion stings you.
* * * LOW HITPOINT WARNING * * *
You are lethally poisoned!
The scorpion poisons you! 😨 HP[-4]
You take 4 damage, and now have 7/24 hp.
You hit the scorpion.
* * * LOW HITPOINT WARNING * * *
You feel sick.
The scorpion misses you. 😱 HP[-2] MP[+1]
You take 2 damage, and now have 5/24 hp.
Unknown command.
It was a potion of attraction.
You feel attractive to monsters.
* * * LOW HITPOINT WARNING * * *
You feel sick. The scorpion stings you.
* * * LOW HITPOINT WARNING * * *
The scorpion stings you but does no damage. 😱 HP[-3]
You take 3 damage, and now have 2/24 hp.
It was a potion of magic.
Magic courses through your body.
* * * LOW HITPOINT WARNING * * *
You feel sick.
The scorpion barely misses you. 😱 HP[-1] MP[+4]
You take 1 damage, and now have 1/24 hp.
Your mp is fully restored (6).
It was a potion of brilliance.
You feel clever all of a sudden.
You die...
Your body glows slightly and disappears.

Skill      XL: |  1  2 |
---------------+-------+-----
Stealth        | 3 |  3.0
Ice Magic      | 1 |  1.4
Short Blades   | |  0.8
Dodging        | |  1.7
Spellcasting   | |  2.0
Hexes          | |  3.8

Action                     || total
---------------------------++-------
  Melee: Dagger            ||   137
  Throw: Javelin           ||     8
         Dart              ||     4
   Cast: Ensorcelled Hiber ||    17
         Confusing Touch   ||     2
    Use: Potion            ||     6
   Stab: Sleeping          ||    13
 Armour: Robe              ||    61
  Dodge: Dodged            ||    70
  Block: Other             ||    13

Levels and vault maps discovered:
D:1:      elethiomel_arrival_quiet, layout_rooms, chequers_serial_rivers_small_b
D:2:      layout_basic, nicolae_figureground_pulse, uniq_sigmund
D:3:      layout_loops_cross, general_overflow_altar, fedhas_ov_isle_minmay,
          dreamdust_ecumenical_altar_drowned_temple, kennysheep_another_room,
          uniq_terence
D:4:      layout_loops_cross, minmay_manual_macuahuitl

Notes
Turn   | Place    | Note
-------+----------+-------------------------------------------
     0 | D:1      | MackTheKnife the Demonspawn Enchanter began the quest for
                  | the Orb.
     0 | D:1      | Reached XP level 1. HP: 13/13 MP: 3/3
     0 | D:1      | magus.rc [v1.9.6]
   262 | D:1      | You pick up a book of the Senses and begin reading...
   262 | D:1      | You add the spells Agony and Silence to your library.
   468 | D:1      | Reached skill level 3 in Stealth
   472 | D:1      | Gained mutation: A meltable shield of frost defends you.
                  | (SH +4) [demonic ancestry]
   472 | D:1      | Reached XP level 2. HP: 17/19 MP: 5/5
   475 | D:1      | Learned a level 2 spell: Ensorcelled Hibernation
  1160 | D:2      | Reached skill level 1 in Ice Magic
  1510 | D:2      | Gained mutation: You regenerate magic rapidly. [demonic
                  | ancestry]
  1510 | D:2      | Reached XP level 3. HP: 16/24 MP: 2/6
  1545 | D:2      | Learned a level 3 spell: Confusing Touch
  1673 | D:2      | Noticed Sigmund
  1782 | D:3      | Found a faded altar of an unknown god.
  1841 | D:3      | Prayed at the altar of an unknown god.
  1841 | D:3      | Became a worshipper of Nemelex Xobeh the Trickster
  1841 | D:3      | Reached * piety under Nemelex Xobeh
  1841 | D:3      | Received a gift from Nemelex Xobeh
  2015 | D:3      | Noticed Terence
  2030 | D:3      | HP: 2/24 [Terence/+0 flail (12)]
  2270 | D:3      | HP: 2/24 [Terence/+0 flail (6)]
  2474 | D:3      | Found a blossoming altar of Fedhas.
  2908 | D:4      | Noticed a scorpion
  2925 | D:4      | HP: 5/24 [poisoned by a scorpion]
  2926 | D:4      | HP: 2/24 [scorpion (1)]
  2928 | D:4      | Succumbed to a scorpion's poison

Vanquished Creatures
  An adder (D:2)
  2 worms
  A dart slug (D:3)
  An orc (D:4)
  2 ball pythons
  An endoplasm (D:1)
  2 giant cockroaches (D:2)
  3 bats
  4 frilled lizards
  5 goblins
  2 kobolds
  9 rats
  A spectral goblin (D:3)
34 creatures vanquished.

Table legend:
 A = Non-vault XP
 B = Vault XP
 C = Vault XP percentage of total XP
 D = Non-vault monster count
 E = Vault monster count
 F = Vault count percentage of total count
                 A         B        C        D         E       F
            +---------+---------+-------+---------+---------+-------
      Total |      67 |       1 |   1.5 |      33 |       1 |   2.9
            +---------+---------+-------+---------+---------+-------
        D:1 |      15 |       0 |   0.0 |      12 |       0 |   0.0
        D:2 |      35 |       0 |   0.0 |      13 |       0 |   0.0
        D:3 |      13 |       1 |   7.1 |       6 |       1 |  14.3
        D:4 |       4 |       0 |   0.0 |       2 |       0 |   0.0
            +---------+---------+-------+---------+---------+-------

Skill      XL: |  1  2 |
---------------+-------+-----
Stealth        | 3 |  3.0
Ice Magic      | 1 |  1.4
Short Blades   | |  0.8
Dodging        | |  1.7
Spellcasting   | |  2.0
Hexes          | |  3.8

Action                     || total
---------------------------++-------
  Melee: Dagger            ||   137
  Throw: Javelin           ||     8
         Dart              ||     4
   Cast: Ensorcelled Hiber ||    17
         Confusing Touch   ||     2
    Use: Potion            ||     6
   Stab: Sleeping          ||    13
 Armour: Robe              ||    61
  Dodge: Dodged            ||    70
  Block: Other             ||    13

Illustrated notes

Table legend:
 A = Kills in this place as a percentage of kills in the entire game.
 B = Kills by you in this place as a percentage of kills by you in the entire game.
 C = Kills by friends in this place as a percentage of kills by friends in the entire game.
 D = Other kills in this place as a percentage of other kills in the entire game.
 E = Experience gained in this place as a percentage of experience gained in the entire game.
 F = Experience gained in this place divided by the number of levels of this place that you have seen.
                   A       B       C       D       E      F
               +-------+-------+-------+-------+-------+----------------------
         Total | 100.0 | 100.0 |   N/A |   N/A | 100.0 |  17.0
       Dungeon | 100.0 | 100.0 |   N/A |   N/A | 100.0 |  17.0
               +-------+-------+-------+-------+-------+----------------------

Table legend: (Time is in decaauts)
 A = Elapsed time spent in this place.
 B = Non-inter-level travel time spent in this place.
 C = Inter-level travel time spent in this place.
 D = Time resting spent in this place.
 E = Time spent auto-exploring this place.
 F = Levels seen in this place.
 G = Mean time per level.
                   A        B        C        D        E       F      G
               +--------+--------+--------+--------+--------+-----+--------+
         Total |   2943 |   2815 |    128 |    295 |   1834 |   4 |  735.8 |
       Dungeon |   2943 |   2815 |    128 |    295 |   1834 |   4 |  735.8 |
               +--------+--------+--------+--------+--------+-----+--------+

Top non-repeatable levels by time:
     D:2: 1213 daAuts
     D:3: 904 daAuts
     D:1: 766 daAuts
     D:4: 60 daAuts
